 Dungeon Crawl Stone Soup version 0.26.1-11-gd32895ea62 (webtiles) character file.

Game seed: 13212767249062430992

443 Zeld the Cudgeller (level 6, -2/51 HPs)
             Began as a Draconian Gladiator on June 15, 2021.
             Killed by divine providence
             ... invoked by an orc priest
              (14 damage)
             ... on level 4 of the Dungeon.
             The game lasted 00:03:32 (3672 turns).

Zeld the Cudgeller (Draconian Gladiator)            Turns: 3672, Time: 00:03:33

Health: -2/51      AC:  6    Str: 19    XL:     6   Next: 71%
Magic:  6/6        EV: 13    Int:  8    God:
Gold:   227        SH:  0    Dex: 12    Spells: 5/5 levels left

rFire    . . .     SeeInvis .   a - +1 mace (drain)
rCold    . . .     Faith    .   (no shield)
rNeg     . . .     Spirit   .   (armour unavailable)
rPois    .         Reflect  .   b - +0 hat
rElec    .         Harm     .   (no cloak)
rCorr    .         Rampage  .   (no gloves)
Will     .....                  (no boots)
Stlth    +.........             (no amulet)
HPRegen  0.17/turn              (no ring)
MPRegen  0.10/turn              (no ring)

@: no status effects
A: unfitting armour, cold-blooded, AC +6
a: no special abilities


You were on level 4 of the Dungeon.
You visited 1 branch of the dungeon, and saw 4 of its levels.

You collected 227 gold pieces.

Inventory:

Hand Weapons
 a - a +1 mace of draining (weapon)
 u - a +0 mace of holy wrath
Missiles
 k - 11 poisoned darts (quivered)
 m - 106 stones
Armour
 b - a +0 hat (worn)
Jewellery
 p - an uncursed ring of fire {unknown}
Scrolls
 e - 3 scrolls of identify {unknown}
 j - 2 scrolls of remove curse {unknown}
 l - a scroll of teleportation {unknown}
 n - 4 scrolls of fog {unknown}
 q - 2 scrolls of magic mapping {unknown}
 r - a scroll of enchant weapon {unknown}
 s - a scroll of amnesia {unknown}
 t - 2 scrolls of immolation {unknown}
 v - a scroll of fear {unknown}
Potions
 d - 2 potions of curing {unknown}
 f - a potion of cancellation {unknown}
 g - 2 potions of flight {unknown}
 h - 3 potions of brilliance {unknown}
 i - a potion of degeneration {unknown}
 o - a potion of lignification {unknown}


   Skills:
 + Level 3.6 Fighting
 * Level 5.1 Maces & Flails
 * Level 4.0 Throwing
 + Level 3.7 Dodging


You had 5 spell levels left.
You didn't know any spells.
Your spell library contained the following spells:

 Spells                   Type           Power        Failure   Level
 Animate Skeleton         Necr           0%           41%         1
 Apportation              Tloc           0%           41%         1
 Corona                   Hex            0%           41%         1
 Summon Small Mammal      Summ           0%           41%         1


Dungeon Overview and Level Annotations

Branches:
Dungeon (4/15)
 Temple: D:4-7

Altars:
Beogh


Innate Abilities, Weirdness & Mutations

Your plain brown scales are hard. (AC +6)
You cannot fit into any form of body armour.
You are cold-blooded and may be slowed by cold attacks.


Message History

The orc wizard hits you but does no damage.
Things that are here:
a +0 flail of holy wrath; a scroll labelled IMUAGEJELI; 19 gold pieces You closely miss the orc wizard.
The orc wizard hits you but does no damage.
An orc priest comes into view. It is wielding a +0 club.
You hit the orc wizard but do no damage.
You tail-slap the orc wizard.
The orc wizard is lightly wounded.
The orc priest calls down the wrath of Beogh upon you.
Beogh smites you!
The orc wizard hits you but does no damage.
The orc closely misses you. The orc wizard hits you with a +0 mace.
The orc priest mumbles some strange prayers to Beogh against you.
Pain shoots through your body!
* * * LOW HITPOINT WARNING * * *
The orc priest mumbles some strange prayers to Beogh against you.
Beogh smites you!
You die...

.. # ##+# ##+# ###
####..######..#############..##
..#...........................#
..#..............(............#
..##..##..##..................#
..##..######........>.<.......#
.............)................#
..##.........).o@.......<.....#
..##...........o...)..........#
......######..................#
......# #o.................#
..##..# '...................#
..##..# .#...................#
......... #............##....##
####.... #...##.(.##'## ....#
..# ... #.. #...#


You could see an orc priest, an orc wizard and an orc.

Vanquished Creatures
  2 ogres (D:4)
  A scorpion (D:4)
  A howler monkey (D:4)
  An orc priest (D:3)
  A bullfrog skeleton (D:4)
  A worker ant (D:4)
  4 adders
  A white imp (D:4)
  An adder skeleton (D:4)
  A worm (D:3)
  2 dart slugs
  2 leopard geckos (D:2)
  3 orcs
  3 giant cockroaches
  A goblin (D:2)
  5 hobgoblins
  5 jackals
  3 quokkas
  A ball python (D:3)
  5 bats
  6 frilled lizards
  6 kobolds
  6 rats
62 creatures vanquished.

Notes
Turn   | Place    | Note
-------+----------+-------------------------------------------
     0 | D:1      | Zeld the Draconian Gladiator began the quest for the Orb.
     0 | D:1      | Reached XP level 1. HP: 17/17 MP: 1/1
   784 | D:1      | Reached XP level 2. HP: 25/25 MP: 2/2
  1832 | D:2      | Reached XP level 3. HP: 23/30 MP: 3/3
  2459 | D:3      | Reached XP level 4. HP: 35/37 MP: 4/4
  2555 | D:3      | Found a roughly hewn altar of Beogh.
  2563 | D:3      | Reached skill level 4 in Maces & Flails
  3042 | D:4      | Noticed an ogre
  3045 | D:4      | Reached XP level 5. HP: 31/45 MP: 5/5
  3057 | D:4      | Killed an ogre
  3467 | D:4      | Reached XP level 6. HP: 45/51 MP: 6/6
  3627 | D:4      | Reached skill level 5 in Maces & Flails
  3672 | D:4      | Killed from afar by an orc priest

Illustrated notes

Levels and vault maps discovered:
D:1:      minmay_arrival_up_and_down, layout_loops_corners
D:2:      layout_basic
D:3:      layout_rooms, kennysheep_orc_chapel
D:4:      layout_gridville, minitemple, gup_sewer_entry_bowl, uniq_purgy

Skill      XL: |  1  2  3  4  5  6 |
---------------+-------------------+-----
Throwing       | 2 3 4 |  4.0
Dodging        | 3 |  3.7
Maces & Flails | 4 5 |  5.1
Fighting       | 3 |  3.6

Action                   |  1- 3 |  4- 6 || total
-------------------------+-------+-------++-------
Melee: Flail             |    89 |       ||    89
       Tailslap          |    15 |    11 ||    26
       Mace              |    14 |    91 ||   105
Throw: Throwing net      |       |     4 ||     4
       Dart              |       |     1 ||     1
 Stab: Sleeping          |       |     1 ||     1
       Held in net/web   |       |     1 ||     1
Armor: Skin              |    37 |    25 ||    62
Dodge: Dodged            |    99 |    82 ||   181
